 Dungeon Crawl Stone Soup version 0.30-a0-341-g682706514a (webtiles) character file.

Game seed: 6831546662791361411

53 sanka the Caller (level 3, -5/26 HPs)
             Began as a Demigod Summoner on Nov 3, 2022.
             Slain by Terence
             ... wielding a +2 flail of holy wrath
              (13 damage)
             ... on level 2 of the Dungeon.
             The game lasted 00:05:44 (1735 turns).

sanka the Caller (Demigod Summoner)                 Turns: 1735, Time: 00:05:45

Health: -5/26      AC:  2    Str:  9    XL:     3   Next: 42%
Magic:  6/8        EV: 12    Int: 21    God:
Gold:   87         SH:  0    Dex: 14    Spells: 3/6 levels left

rFire   . . .      SeeInvis .    d - +0 short sword
rCold   . . .      Faith    .    (no shield)
rNeg    . . .      Spirit   .    a - +0 robe
rPois   .          Reflect  .    (no helmet)
rElec   .          Harm     .    (no cloak)
rCorr   .          Rampage  .    (no gloves)
Will    .....                    (no boots)
Stlth   ++........               (no amulet)
HPRegen 0.24/turn                (no ring)
MPRegen 0.11/turn                (no ring)

@: no status effects
A: high MP 1, forlorn, divine attributes
a: no special abilities


You were on level 2 of the Dungeon.
You visited 1 branch of the dungeon, and saw 2 of its levels.

You collected 87 gold pieces.


Innate Abilities, Weirdness & Mutations

You have an increased reservoir of magic. (+10% MP)
You shall have no god before yourself.
Your divine heritage dramatically boosts your attributes as you level up.


   Skills:
 - Level 1.7 Dodging
 - Level 1.7 Stealth
 - Level 2.0 Spellcasting
 + Level 4.8 Summonings


You had 3 spell levels left.
You knew the following spells:

 Your Spells              Type           Power      Damage    Failure   Level
x - Call Imp              Summ           22%        N/A       3%          2
z - Summon Small Mammal   Summ           88%        N/A       1%          1

Your spell library contained the following spells:

 Spells                   Type           Power      Damage    Failure   Level
 Call Canine Familiar     Summ           22%        N/A       6%          3
 Summon Guardian Golem    Hex/Summ       12%        N/A       16%         3
 Summon Lightning Spire   Summ/Air       12%        N/A       47%         4

Inventory:

Hand Weapons
 d - a +0 short sword (weapon)
Armour
 a - a +0 robe (worn)
Scrolls
 c - a scroll of vulnerability {unknown}
 f - a scroll of silence {unknown}
 g - 2 scrolls of summoning {unknown}
Potions
 b - a potion of magic
 e - 2 potions of curing {unknown}
 h - a potion of heal wounds {unknown}
 i - a potion of degeneration {unknown}

Dungeon Overview and Level Annotations

Branches:
Dungeon (2/15)

Shops:
D:1 [

Annotations:
D:2 Terence

..▒ .▒.▒▒........▒
▒.▒
+▒K▒.▒▒........▒
▒.▒▒
..▒.▒▒.......▒▒
▒..▒▒▒▒
..▒.▒▒▒▒▒▒▒▒▒▒
▒▒....▒▒▒▒▒ .S▒.▒
▒▒▒▒.....▒ ▒.▒.▒
▒....▒▒.▒▒▒▒▒▒.▒ ▒
▒.▒▒..†........▒.▒
▒.▒▒▒▒▒▒.....@p..▒
▒.▒ ▒.▒▒.▒▒▒▒▒▒
▒.▒ ▒.▒▒#▒▒▒▒ ▒.▒
▒.▒▒....▒ ▒.▒
..▒▒▒▒▒†▒▒▒.▒ ▒..
▒▒▒ ▒>....▒ ▒▒▒
▒.▒▒▒▒▒ ▒.▒ ▒.▒


You could see Terence, an adder (asleep) and a kobold (asleep).


Message History

Terence is moderately wounded.
Your crimson imp hits Terence but does no damage.
Terence closely misses you.
Unknown command.
You touch Terence but do no damage.
Terence is moderately wounded.
Terence says, "You're history."
Terence hits you with a +2 flail of holy wrath.
Unknown command.
You barely miss Terence.
Terence is moderately wounded.
Unknown command.
You touch Terence but do no damage.
Terence is moderately wounded.
Terence hits you with a +2 flail of holy wrath.
* * * LOW HITPOINT WARNING * * *
Unknown command.
You touch Terence but do no damage.
Terence is moderately wounded.
Terence hits you with a +2 flail of holy wrath.
* * * LOW HITPOINT WARNING * * *
Your crimson imp hits Terence but does no damage.
Unknown command.
Unknown command.
A kobold and an adder come into view.
You condense into your normal self.
Terence attacks as you move away!
Terence hits you with a +2 flail of holy wrath!
Ouch! That really hurt!
You die...

Action                   || total
-------------------------++-------
Melee: Short sword       ||    48
       Unarmed           ||    13
       Punch             ||     1
 Cast: Summon Small Mamm ||    66
       Call Imp          ||     9
 Stab: Sleeping          ||     1
Armor: Robe              ||     9
Dodge: Dodged            ||    69

Levels and vault maps discovered:
D:1:      nzn_arrival_crosshair, layout_loops_ring, serial_shops, shop_fountains
D:2:      layout_basic, uniq_terence

Notes
Turn   | Place    | Note
-------+----------+-------------------------------------------
     0 | D:1      | sanka the Demigod Summoner began the quest for the Orb.
     0 | D:1      | Reached XP level 1. HP: 14/14 MP: 5/5
   145 | D:1      | Reached skill level 2 in Spellcasting
   319 | D:1      | Reached skill level 4 in Summonings
   384 | D:1      | Reached XP level 2. HP: 20/20 MP: 4/7
   416 | D:1      | Learned a level 2 spell: Call Imp
   520 | D:1      | Found Haguro's Armour Shoppe.
  1344 | D:2      | Reached XP level 3. HP: 24/26 MP: 4/8
  1692 | D:2      | Noticed Terence
  1735 | D:2      | Slain by Terence

Vanquished Creatures
  An endoplasm (D:2)
  2 giant cockroaches
  2 hobgoblins (D:2)
  A kobold (D:2)
  2 ball pythons
  A bat (D:1)
  A frilled lizard (D:1)
  2 goblins (D:1)
12 creatures vanquished.

Vanquished Creatures (collateral kills)
  A worm (D:2)
  A dart slug (D:2)
  3 ball pythons (D:2)
  2 bats (D:1)
  An endoplasm (D:1)
  4 giant cockroaches
  3 goblins (D:1)
  5 hobgoblins
  2 quokkas (D:1)
  A frilled lizard (D:1)
  5 kobolds (D:1)
  2 rats
30 creatures vanquished.

Grand Total: 42 creatures vanquished
